 Dungeon Crawl Stone Soup version 0.24-a0-358-g53aee78b01 (webtiles) character file.

Game seed: 6690976917995725724

11757 mhoghedin the Grappler (level 11, 0/126 HPs)
             Began as a Troll Chaos Knight on May 25, 2019.
             Was a Plaything of Xom.
             Slain by a nine-headed hydra (2 damage)
             ... on level 3 of the Lair of Beasts.
             The game lasted 00:16:28 (8997 turns).

mhoghedin the Grappler (Troll Chaos Knight)         Turns: 8997, Time: 00:16:29

Health: 0/126      AC: 11    Str: 24    XL:     11   Next: 53%
Magic:  0/10       EV: 14    Int:  8    God:    Xom [...*..]
Gold:   642        SH:  0    Dex: 12    Spells: 10/10 levels left

rFire    + . .     SeeInvis .     - Unarmed
rCold    . . .     Gourm    +   (no shield)
rNeg     . . .     Faith    .   z - +2 troll leather armour {regen}
rPois    .         Spirit   +   (helmet restricted)
rElec    .         Reflect  .   k - +0 cloak
rCorr    .         Harm     .   (gloves unavailable)
MR       .....                  (boots unavailable)
Stlth    ++........             w - amulet of guardian spirit {Spirit}
HPRegen  1.11/turn              a - ring of stealth {Stlth+}
MPRegen  0.12/turn              n - ring of protection from fire {rF+, !d}

@: no status effects
A: large, unfitting armour, claws 3, fast metabolism 3, gourmand, regeneration
1, robust 1, shaggy fur 1, strong 1, tough skin 3
a: Renounce Religion


You were on level 3 of the Lair of Beasts.
You worshipped Xom.
You were a favourite toy of Xom.
You were full.

You visited 2 branches of the dungeon, and saw 12 of its levels.

You collected 757 gold pieces.
You spent 115 gold pieces at shops.

Inventory:

Missiles
 e - 4 curare-tipped darts (quivered)
 r - 4 silver javelins
 u - 2 throwing nets {=f, !d}
Armour
 k - a +0 cloak (worn)
   (You found it on level 3 of the Dungeon)
 y - a +0 robe of fire resistance
   (You bought it in a shop on level 8 of the Dungeon)
 z - a +2 troll leather armour (worn) {regen}
   (You found it on level 9 of the Dungeon)
Jewellery
 a - a ring of stealth (left claw) {Stlth+}
   (You found it on level 9 of the Dungeon)
 n - a ring of protection from fire (right claw) {rF+, !d}
   (You found it on level 9 of the Dungeon)
 w - an amulet of guardian spirit (around neck) {Spirit}
   (You found it on level 6 of the Dungeon)
Wands
 m - a wand of random effects (13)
   (You took it off Sonja on level 2 of the Lair of Beasts)
 p - a wand of digging (17)
   (You took it off Eustachio on level 4 of the Dungeon)
Scrolls
 d - 3 scrolls of vulnerability {unknown}
 g - 16 scrolls of identify
 h - 8 scrolls of teleportation
 i - a scroll of fog {unknown}
 j - 2 scrolls of enchant weapon
 l - 3 scrolls of random uselessness {unknown}
 o - a scroll of magic mapping {!r}
 q - a scroll of amnesia {unknown}
 s - 4 scrolls of remove curse
Potions
 c - a potion of lignification {unknown}
 f - 2 potions of resistance
 t - a potion of haste
 v - a potion of curing
Comestibles
 b - 21 rations


   Skills:
 + Level 9.4 Fighting
 + Level 2.4 Armour
 - Level 8.9 Dodging
 + Level 11.0 Unarmed Combat


You had 10 spell levels left.
You didn't know any spells.
Your spell library contained the following spells:

 Spells                   Type           Power        Failure   Level  Hunger
 Corona                   Hex            #......      45%         1    ##.....
 Freeze                   Ice            #...         45%         1    ##.....
 Magic Dart               Conj           #...         45%         1    ##.....
 Poisonous Vapours        Pois/Air       #.....       58%         2    ###....
 Searing Ray              Conj           #.....       58%         2    ###....
 Slow                     Hex            #.......     58%         2    ###....
 Throw Frost              Conj/Ice       #.....       58%         2    ###....
 Conjure Flame            Conj/Fire      #.......     83%         3    ####...
 Dazzling Spray           Conj/Hex       #.....       83%         3    ####...
 Inner Flame              Hex/Fire       #.......     83%         3    ####...
 Mephitic Cloud           Conj/Pois/Air  #.......     83%         3    ####...
 Ozocubu's Armour         Chrm/Ice       #.......     83%         3    ####...
 Portal Projectile        Hex/Tloc       #.....       83%         3    ####...
 Cause Fear               Hex            #.........   99%         4    #####..
 Force Lance              Conj/Tloc      #.......     99%         4    #####..
 Fulminant Prism          Conj/Hex       #.........   99%         4    #####..
 Iskenderun's Mystic Bla  Conj           #.......     99%         4    #####..
 Leda's Liquefaction      Hex/Erth       #.........   99%         4    #####..
 Summon Ice Beast         Ice/Summ       #.......     99%         4    #####..
 Throw Icicle             Conj/Ice       #.......     99%         4    #####..
 Freezing Cloud           Conj/Ice/Air   #.........   100%        6    #######
 Ring of Flames           Chrm/Fire      #.........   100%        7    #######


Dungeon Overview and Level Annotations

Branches:
Dungeon (9/15)             Temple (0/1) D:5            Lair (3/6) D:9
 Shoals (0/4) Lair:2
  Snake: Lair:2-4    Spider: Lair:2-4       Orc: D:9-12

Altars:
Cheibriados
Fedhas
Nemelex Xobeh
Okawaru
Ru
Vehumet
Xom
Yredelemnul
The Shining One

Shops:
D:4 ?   D:8 [


Innate Abilities, Weirdness & Mutations

You are too large for most types of armour.
You have claws for hands.
Your metabolism is lightning-fast.
You like to eat raw meat.
Your natural rate of healing is unusually fast.
You are covered in fur. (AC +1)
You have extremely tough skin. (AC +3)
You are robust. (+10% HP)
Your muscles are strong. (Str +2)


Message History

The bullfrog gives a loud, deep croak!
MP restored: 10 The bullfrog closely misses you.
You miss the bullfrog.
You feel sick. The bullfrog barely misses you. The bullfrog hits you.
You take 3 damage, and have 120/126 hp.
You closely miss the bullfrog. The bullfrog misses you.
You miss the bullfrog.
You feel sick. The bullfrog hits you.
You take 2 damage, and have 119/126 hp.
You closely miss the bullfrog.
You feel sick. The bullfrog completely misses you.
You closely miss the bullfrog. The bullfrog completely misses you.
You claw the bullfrog!
The bullfrog hits you but does no damage.
The bullfrog hits you.
You take 2 damage, and have 118/126 hp.
You claw the bullfrog!
You feel sick.
The bullfrog hits you but does no damage.
You scratch the bullfrog. The bullfrog completely misses you.
You closely miss the bullfrog.
You feel sick. The bullfrog completely misses you.
You barely miss the bullfrog.
The bullfrog hits you but does no damage.
You claw the bullfrog!
You kill the bullfrog!
No target in view!
You feel sick.
You see here a bullfrog corpse.
You feel sick.
You feel sick.
You feel sick.
You feel sick.
b - 21 rations (gained 1)
You feel sick.
You are no longer poisoned.
A hydra, a hippogriff and a spiny frog come into view.
The four-headed hydra roars!
Health restored: 126
There are monsters nearby!
There are monsters nearby!
The spiny frog gives a loud, deep croak! "The weather's been a little too boring around here."
You rip one of the four-headed hydra's heads off!
The three-headed hydra grows two more!
You claw the five-headed hydra! The five-headed hydra bites you.
The five-headed hydra closely misses you.
The five-headed hydra bites you.
The five-headed hydra closely misses you.
The five-headed hydra misses you.
You take 2 damage, and have 124/126 hp.
You rip one of the five-headed hydra's heads off!
The four-headed hydra grows two more!
You claw the six-headed hydra! The six-headed hydra barely misses you.
The six-headed hydra misses you. The six-headed hydra bites you!
The six-headed hydra barely misses you. The six-headed hydra misses you.
The six-headed hydra bites you but does no damage.
You take 11 damage, and have 113/126 hp.
You now have 9/10 mp.
You scratch the six-headed hydra but do no damage.
You claw the six-headed hydra! You barely miss the six-headed hydra.
The six-headed hydra bites you! x3
The six-headed hydra bites you. The six-headed hydra bites you!
The six-headed hydra bites you.
You take 42 damage, and have 72/126 hp.
MASSIVE DAMAGE!!
You now have 6/10 mp.
You claw one of the six-headed hydra's heads off!
The five-headed hydra grows two more!
You mangle the seven-headed hydra!! The seven-headed hydra bites you.
The seven-headed hydra barely misses you.
The seven-headed hydra bites you! The seven-headed hydra bites you. x3
The seven-headed hydra bites you but does no damage.
You take 17 damage, and have 55/126 hp.
You now have 5/10 mp.
You claw one of the seven-headed hydra's heads off!
The six-headed hydra grows two more!
You mangle the eight-headed hydra!! The eight-headed hydra bites you.
The eight-headed hydra barely misses you. x2
The eight-headed hydra bites you. The eight-headed hydra bites you!
The eight-headed hydra bites you but does no damage.
The eight-headed hydra bites you!
* * * LOW HITPOINT WARNING * * *
The eight-headed hydra bites you!
* * * LOW HITPOINT WARNING * * *
You take 31 damage, and have 24/126 hp.
MASSIVE DAMAGE!!
You now have 2/10 mp.
You claw one of the eight-headed hydra's heads off!
The seven-headed hydra grows two more!
You scratch the nine-headed hydra. The nine-headed hydra bites you!
* * * LOW HITPOINT WARNING * * *
The nine-headed hydra bites you.
* * * LOW HITPOINT WARNING * * *
The nine-headed hydra misses you. x2
The nine-headed hydra barely misses you.
The nine-headed hydra bites you!
* * * LOW HITPOINT WARNING * * *
The nine-headed hydra completely misses you.
The nine-headed hydra bites you.
You die...
Xom snickers!

.†...........###.#.....
#..P##....#... .###.....
#...###.P.###... #...#
....# ###. ..... ....
....## #....... ...
.....# #......# .8
##...####.....#
###...#.......###### .
#.#...........##@#§##.#..
.......##P....###DF......
.......# #.......§§§....H
#.#..†## ###.....##P.F.#.
####..## #.....# #...#
#...# ###..P## #..H.
##.## ##....## .... #..#
##......# .#.
##.###..P..##..# .


You could see a nine-headed hydra and a spiny frog.

Vanquished Creatures
  A hydra (Lair:3)
  A cyclops (Lair:1)
  4 elephants
  3 black mambas
  A komodo dragon (D:9)
  2 trolls (D:9)
  Prince Ribbit (D:8)
  A polar bear (D:9)
  A hippogriff (Lair:1)
  9 yaks
  2 basilisks (Lair:2)
  Eustachio (D:4)
  Duvessa (D:5)
  A water moccasin (Lair:1)
  An ice beast (D:5)
  3 orc warriors
  A porcupine (Lair:2)
  A phantom (D:8)
  A hornet zombie (D:7)
  A black bear (D:9)
  6 ogres
  3 wolves (D:9)
  3 centaurs
  3 crocodiles
  3 big kobolds (D:9)
  8 bullfrogs
  A water moccasin zombie (D:5)
  A jelly (D:7)
  Dowan (D:5)
  4 scorpions
  8 killer bees (D:9)
  A wight (D:7)
  2 electric eels
  3 howler monkeys
  A vampire bat (Lair:1)
  A crimson imp (D:7)
  A bullfrog zombie (D:6)
  A centaur skeleton (D:4)
  2 orc priests
  A bullfrog skeleton (D:5)
  6 hounds
  3 iguanas
  4 worker ants
  5 orc wizards
  Terence (D:3)
  A hound zombie (D:5)
  7 gnolls
  9 adders
  2 white imps
  2 oozes
  2 adder zombies
  3 adder skeletons
  4 worms
  A dart slug (D:3)
  3 leopard geckos
  17 orcs
  4 giant cockroaches
  5 goblins
  9 hobgoblins
  7 jackals (D:1)
  5 quokkas
  A ball python (D:1)
  20 bats
  2 frilled lizards
  A giant cockroach zombie (D:6)
  19 kobolds
  A quokka zombie (D:5)
  4 rats
239 creatures vanquished.

Vanquished Creatures (collateral kills)
  Sonja (Lair:2)
  A black bear (D:9)
  2 ice beasts
  2 wights (D:7)
  A howler monkey (D:7)
  A worker ant (D:7)
8 creatures vanquished.

Vanquished Creatures (others)
  4 fungi
  5 plants
9 creatures vanquished.

Grand Total: 256 creatures vanquished

Notes
Turn   | Place    | Note
-------+----------+-------------------------------------------
     0 | D:1      | mhoghedin the Troll Chaos Knight began the quest for the
                  | Orb.
     0 | D:1      | Reached XP level 1. HP: 22/22 MP: 0/0
    38 | D:1      | XOM: potion effect (haste)
    39 | D:1      | Reached skill level 2 in Dodging
    52 | D:1      | Reached XP level 2. HP: 27/29 MP: 1/1
   128 | D:1      | XOM: harmless Conj miscast
   277 | D:1      | XOM: butterfly on damage
   319 | D:1      | XOM: divination: detect items
   489 | D:1      | XOM: harmless Summ miscast
   669 | D:2      | XOM: divination: detect items
   674 | D:2      | Reached XP level 3. HP: 36/36 MP: 2/2
   828 | D:2      | XOM: cloud trail
   901 | D:2      | Reached skill level 3 in Fighting
   998 | D:2      | Found a faded altar of an unknown god.
  1072 | D:2      | Reached XP level 4. HP: 45/45 MP: 3/3
  1093 | D:2      | Found an iron altar of Okawaru.
  1102 | D:2      | XOM: harmless Necr miscast
  1178 | D:2      | XOM: scenery: create altars
  1252 | D:3      | Noticed Terence
  1261 | D:3      | Killed Terence
  1510 | D:3      | XOM: 1-stop teleportation journey
  1529 | D:3      | Reached skill level 4 in Unarmed Combat
  1850 | D:4      | Found Maomamo's Magic Scroll Emporium.
  1876 | D:4      | Noticed an ogre
  1880 | D:4      | XOM: torment (24/45 hp)
  1886 | D:4      | XOM: chaos upgrade
  1898 | D:4      | Killed an ogre
  1898 | D:4      | Reached skill level 3 in Dodging
  1898 | D:4      | Reached XP level 5. HP: 39/53 MP: 4/4
  1959 | D:4      | Noticed an ogre
  1982 | D:4      | Reached XP level 6. HP: 47/62 MP: 5/5
  1990 | D:4      | HP: 7/62 [ogre/+0 giant spiked club (25)]
  1997 | D:4      | HP: 10/62 [gnoll/+0 spear (1)]
  2005 | D:4      | Reached skill level 4 in Fighting
  2077 | D:4      | XOM: harmless Ice miscast
  2203 | D:4      | Found a sacrificial altar of Ru.
  2329 | D:4      | XOM: enchant monster (good)
  2331 | D:4      | Noticed an orc warrior
  2334 | D:4      | XOM: swap monsters
  2343 | D:4      | Reached skill level 4 in Dodging
  2343 | D:4      | Reached skill level 5 in Unarmed Combat
  2343 | D:4      | Reached XP level 7. HP: 39/70 MP: 6/6
  2343 | D:4      | XOM: cast spell 'Alistair's Intoxication'
  2452 | D:4      | Found a sparkling altar of Nemelex Xobeh.
  2572 | D:4      | Noticed Eustachio
  2599 | D:4      | Killed Eustachio
  2713 | D:5      | Entered Level 5 of the Dungeon
  2720 | D:5      | XOM: harmless Hex miscast
  2761 | D:5      | Noticed Dowan
  2762 | D:5      | Noticed Duvessa
  2767 | D:5      | XOM: harmless Erth miscast
  2786 | D:5      | Killed Duvessa
  2786 | D:5      | Reached skill level 5 in Fighting
  2786 | D:5      | Reached skill level 6 in Unarmed Combat
  2786 | D:5      | Reached XP level 8. HP: 21/80 MP: 7/7
  2789 | D:5      | Killed Dowan
  2837 | D:5      | Reached skill level 5 in Dodging
  2929 | D:5      | Found a staircase to the Ecumenical Temple.
  3282 | D:5      | Found a snail-covered altar of Cheibriados.
  3364 | D:6      | XOM: 1-stop teleportation journey
  3558 | D:6      | XOM: summons 4 hostile demons
  3567 | D:6      | XOM: summons 1 hostile shadow creature
  3569 | D:6      | Reached skill level 7 in Unarmed Combat
  3733 | D:6      | XOM: medium Tmut miscast
  3736 | D:6      | Reached skill level 6 in Fighting
  3738 | D:6      | XOM: scenery: create altars
  3782 | D:6      | XOM: 2-stop teleportation journey
  3787 | D:6      | Reached skill level 6 in Dodging
  3787 | D:6      | Reached XP level 9. HP: 77/89 MP: 8/8
  3893 | D:6      | Found a radiant altar of Vehumet.
  3895 | D:6      | Found a shimmering altar of Xom.
  3983 | D:6      | Found a glowing golden altar of the Shining One.
  3988 | D:6      | Found a basalt altar of Yredelemnul.
  3990 | D:6      | Noticed a profane servitor
  4021 | D:6      | XOM: cloud trail
  4180 | D:6      | Noticed an angel
  4207 | D:7      | XOM: summons 9 friendly demons
  4315 | D:7      | XOM: cleaving
  4350 | D:7      | XOM: give mutations
  4350 | D:7      | Gained mutation: Your muscles are strong. (Str +2) [Xom's
                  | mischief]
  4350 | D:7      | Gained mutation: You are robust. (+10% HP) [Xom's mischief]
  4353 | D:7      | Reached skill level 8 in Unarmed Combat
  4401 | D:7      | XOM: enchant monster (bad)
  4771 | D:8      | XOM: cloud trail
  4794 | D:8      | XOM: fog
  4997 | D:8      | XOM: scenery: create altars
  5056 | D:8      | Found Onuiseth's Armour Shop.
  5064 | D:8      | Bought a +0 robe of fire resistance for 115 gold pieces
  5113 | D:8      | Noticed Prince Ribbit
  5128 | D:8      | Killed Prince Ribbit
  5129 | D:8      | Reached skill level 7 in Fighting
  5176 | D:8      | XOM: polymorph crimson imp -> white imp
  5603 | D:9      | XOM: potion effect (brilliance)
  5607 | D:9      | XOM: confusion (+ monsters)
  5621 | D:9      | Reached skill level 7 in Dodging
  5651 | D:9      | Noticed a polar bear
  5665 | D:9      | XOM: summons 2 friendly demons
  5674 | D:9      | XOM: enchant monster (bad)
  5682 | D:9      | HP: 18/102 [polar bear (12)]
  5854 | D:9      | Killed a polar bear
  5890 | D:9      | XOM: harmless Tloc miscast
  5908 | D:9      | Reached XP level 10. HP: 40/112 MP: 7/9
  5913 | D:9      | HP: 28/112 [poisoned by a killer bee]
  5919 | D:9      | HP: 26/112 [poisoned by a killer bee]
  5924 | D:9      | HP: 26/112 [poisoned by a killer bee]
  5930 | D:9      | HP: 27/112 [poisoned by a killer bee]
  6021 | D:9      | XOM: summons friendly ufetubus
  6022 | D:9      | Reached skill level 9 in Unarmed Combat
  6165 | D:9      | Found an iron altar of Okawaru.
  6219 | D:9      | Found a staircase to the Lair.
  6266 | D:9      | XOM: summons friendly white imp
  6356 | D:9      | Found a blossoming altar of Fedhas.
  6453 | D:9      | Reached skill level 8 in Fighting
  6603 | D:9      | XOM: harmless Erth miscast
  6615 | D:9      | XOM: harmless Conj miscast
  6697 | Lair:1   | Entered Level 1 of the Lair of Beasts
  6774 | Lair:1   | XOM: divination: magic mapping
  6782 | Lair:1   | Reached skill level 8 in Dodging
  6788 | Lair:1   | XOM: torment (54/114 hp)
  7547 | Lair:2   | Noticed an elephant
  7548 | Lair:2   | Noticed an elephant
  7549 | Lair:2   | Noticed an elephant
  7550 | Lair:2   | XOM: summons friendly iron imp
  7551 | Lair:2   | XOM: summons 2 friendly demons
  7552 | Lair:2   | Noticed an elephant
  7554 | Lair:2   | Noticed Sonja
  7559 | Lair:2   | XOM: blink monster(s)
  7571 | Lair:2   | Killed an elephant
  7571 | Lair:2   | Reached skill level 10 in Unarmed Combat
  7577 | Lair:2   | XOM: polymorph bullfrog -> howler monkey
  7592 | Lair:1   | XOM: cleaving
  7596 | Lair:1   | Killed an elephant
  7601 | Lair:1   | Noticed a cyclops
  7601 | Lair:1   | a komodo dragon changed into a cyclops
  7601 | Lair:1   | XOM: polymorph komodo dragon -> cyclops
  7605 | Lair:1   | Killed a cyclops
  7610 | Lair:1   | Killed an elephant
  7610 | Lair:1   | Reached XP level 11. HP: 58/124 MP: 6/10
  7678 | Lair:2   | XOM: noise
  7684 | Lair:2   | XOM: mild Pois miscast
  7717 | Lair:2   | XOM: cast spell 'Summon Butterflies'
  7724 | Lair:2   | XOM: polymorph butterfly -> river rat
  7728 | Lair:2   | Killed Sonja
  7784 | Lair:2   | XOM: scenery: create altars
  7808 | Lair:2   | XOM: enchant monster (bad)
  7817 | Lair:2   | XOM: confusion (+ monsters)
  7841 | Lair:2   | Reached skill level 9 in Fighting
  7847 | Lair:2   | XOM: snakes to sticks
  7896 | Lair:2   | Reached skill level 1 in Armour
  8058 | Lair:2   | Found a staircase to the Shoals.
  8389 | Lair:2   | XOM: god gift: chain mail {god gift}
  8427 | Lair:2   | XOM: god gift: 18 stones
  8689 | D:8      | XOM: stat loss: -1 Dex (11/12)
  8712 | D:7      | XOM: 2-stop teleportation journey
  8860 | Lair:3   | Noticed a five-headed hydra
  8870 | Lair:3   | Killed a nine-headed hydra
  8870 | Lair:3   | Reached skill level 2 in Armour
  8873 | Lair:3   | Reached skill level 11 in Unarmed Combat
  8932 | Lair:3   | XOM: confuse monster(s)
  8985 | Lair:3   | Noticed a four-headed hydra
  8989 | Lair:3   | XOM: fog
  8996 | Lair:3   | HP: 24/126 [eight-headed hydra (9)]
  8997 | Lair:3   | HP: 2/126 [nine-headed hydra (10)]
  8997 | Lair:3   | Slain by a nine-headed hydra

Levels and vault maps discovered:
D:1:      co_arrival_square_in_a_square_in_a_square, layout_basic,
          chequers_serial_rivers_marsh
D:2:      layout_rooms, chequers_ecumenical_altar_simple_redux,
          okawaru_altar_gauntlet_db
D:3:      layout_loops_cross, uniq_terence
D:4:      layout_cave_pods, nemelex_xobeh_ov_fountains_minmay, serial_shops,
          shop, nicolae_ru_great_annihilating_truth, uniq_eustachio
D:5:      layout_cave_pools, kennysheep_mini_moat, minmay_temple_entry_junction,
          first_ration, item_on_display_a, uniq_duvessa
D:6:      layout_loops_cross, grunt_temple_overflow_holy_war,
          nicolae_overflow_hidden_temple
D:7:      layout_basic
D:8:      layout_basic, serial_shops, shop, uniq_prince_ribbit1
D:9:      layout_basic, fedhas_altar_3, old_standard_altar, david_lair_shrubbed,
          serial_ice, serial_ice_h, serial_ice_n, serial_ice_a, serial_ice_e,
          serial_ice_i, serial_ice_f, grunt_ogre_cave
Lair:1:   layout_cave_pods, grunt_forest_small_clearings, roderic_batcave
Lair:2:   layout_gridlike, elwin_shoals_entry_rooms, serial_forest,
          infiniplex_forest_lined_room_2, infiniplex_forest_lined_corner,
          infiniplex_forest_lined_3, infiniplex_forest_end_1,
          infiniplex_forest_lined_ring, infiniplex_forest_clump_large,
          uniq_sonja
Lair:3:   layout_layer_cave, basic_altar, grunt_megastairs_1,
          serial_bayou_shore_b

Skill      XL: |  1  2  3  4  5  6  7  8  9 10 11 |
---------------+----------------------------------+-----
Dodging        | 2 3 4 6 7 8 |  8.9
Fighting       | 3 4 5 6 7 8 9 |  9.4
Unarmed Combat | 4 5 6 7 8 10 11 | 11.0
Armour         | 2 |  2.4

Action                   |  1- 3 |  4- 6 |  7- 9 | 10-12 || total
-------------------------+-------+-------+-------+-------++-------
Melee: Unarmed           |   106 |   116 |   382 |   262 ||   866
       Punch             |       |     1 |     7 |    19 ||    27
Throw: Dart              |       |       |       |     1 ||     1
Evoke: Wand              |       |       |     3 |     2 ||     5
  Use: Potion            |       |     6 |     8 |     2 ||    16
       Scroll            |       |     2 |       |     5 ||     7
 Stab: Sleeping          |       |     2 |     1 |     7 ||    10
       Petrified         |       |     7 |       |       ||     7
       Paralysed         |       |     1 |       |       ||     1
       Invisible         |       |       |     3 |       ||     3
       Distracted        |       |       |       |     1 ||     1
       Confused          |       |       |       |     1 ||     1
  Eat: Chunk             |    15 |    11 |    22 |    33 ||    81
       Ration            |       |       |     1 |       ||     1
Armor: Robe              |    53 |    45 |   163 |    13 ||   274
       Troll leather arm |       |       |       |    99 ||    99
Dodge: Dodged            |    58 |    82 |   309 |   192 ||   641

Table legend:
 A = Non-vault XP
 B = Vault XP
 C = Vault XP percentage of total XP
 D = Non-vault monster count
 E = Vault monster count
 F = Vault count percentage of total count
                 A         B        C        D         E       F
            +---------+---------+-------+---------+---------+-------
      Total |   14338 |    2458 |  14.6 |     214 |      33 |  13.4
            +---------+---------+-------+---------+---------+-------
        D:1 |      34 |       0 |   0.0 |      21 |       0 |   0.0
        D:2 |      70 |      23 |  24.7 |      18 |       6 |  25.0
        D:3 |      34 |      32 |  48.5 |      14 |       1 |   6.7
        D:4 |     816 |     229 |  21.9 |      21 |       5 |  19.2
        D:5 |     536 |     230 |  30.0 |      17 |       2 |  10.5
        D:6 |     935 |       0 |   0.0 |      26 |       0 |   0.0
        D:7 |    1049 |       0 |   0.0 |      20 |       0 |   0.0
        D:8 |     365 |     283 |  43.7 |       8 |       1 |  11.1
        D:9 |    1952 |    1179 |  37.7 |      36 |       8 |  18.2
     Lair:1 |    3007 |      68 |   2.2 |      12 |       9 |  42.9
     Lair:2 |    3766 |     414 |   9.9 |      15 |       1 |   6.2
     Lair:3 |    1774 |       0 |   0.0 |       6 |       0 |   0.0
            +---------+---------+-------+---------+---------+-------

Levels and vault maps discovered:
D:1:      co_arrival_square_in_a_square_in_a_square, layout_basic,
          chequers_serial_rivers_marsh
D:2:      layout_rooms, chequers_ecumenical_altar_simple_redux,
          okawaru_altar_gauntlet_db
D:3:      layout_loops_cross, uniq_terence
D:4:      layout_cave_pods, nemelex_xobeh_ov_fountains_minmay, serial_shops,
          shop, nicolae_ru_great_annihilating_truth, uniq_eustachio
D:5:      layout_cave_pools, kennysheep_mini_moat, minmay_temple_entry_junction,
          first_ration, item_on_display_a, uniq_duvessa
D:6:      layout_loops_cross, grunt_temple_overflow_holy_war,
          nicolae_overflow_hidden_temple
D:7:      layout_basic
D:8:      layout_basic, serial_shops, shop, uniq_prince_ribbit1
D:9:      layout_basic, fedhas_altar_3, old_standard_altar, david_lair_shrubbed,
          serial_ice, serial_ice_h, serial_ice_n, serial_ice_a, serial_ice_e,
          serial_ice_i, serial_ice_f, grunt_ogre_cave
Lair:1:   layout_cave_pods, grunt_forest_small_clearings, roderic_batcave
Lair:2:   layout_gridlike, elwin_shoals_entry_rooms, serial_forest,
          infiniplex_forest_lined_room_2, infiniplex_forest_lined_corner,
          infiniplex_forest_lined_3, infiniplex_forest_end_1,
          infiniplex_forest_lined_ring, infiniplex_forest_clump_large,
          uniq_sonja
Lair:3:   layout_layer_cave, basic_altar, grunt_megastairs_1,
          serial_bayou_shore_b

Table legend:
 A = Turns spent in this place as a percentage of turns spent in the entire game.
 B = Non-inter-level travel turns spent in this place as a percentage of non-inter-level travel turns spent in the entire game.
 C = Inter-level travel turns spent in this place as a percentage of turns spent in this place.
 D = Turns resting spent in this place as a percentage of non-inter-level travel turns spent in this place.
 E = Turns spent auto-exploring this place as a percentage of non-inter-level travel turns spent in this place.
 F = Non-inter-level travel turns spent in this place divided by the number of levels of this place that you've seen.
                   A       B       C       D       E      F
               +-------+-------+-------+-------+-------+----------------------
         Total | 100.0 | 100.0 |   5.2 |   5.0 |  71.2 | 710.7
       Dungeon |  76.6 |  76.6 |   5.2 |   4.3 |  71.0 | 726.0
          Lair |  23.4 |  23.4 |   5.2 |   7.2 |  71.8 | 664.7
               +-------+-------+-------+-------+-------+----------------------

Table legend:
 A = Kills in this place as a percentage of kills in entire the game.
 B = Kills by you in this place as a percentage of kills by you in the entire game.
 C = Kills by friends in this place as a percentage of kills by friends in the entire game.
 D = Other kills in this place as a percentage of other kills in the entire game.
 E = Experience gained in this place as a percentage of experience gained in the entire game.
 F = Experience gained in this place divided by the number of levels of this place that you have seen.
                   A       B       C       D       E      F
               +-------+-------+-------+-------+-------+----------------------
         Total | 100.0 | 100.0 | 100.0 | 100.0 | 100.0 | 1399.7
       Dungeon |  82.6 |  82.3 |  87.5 | 100.0 |  46.2 | 863.0
          Lair |  17.4 |  17.7 |  12.5 |   0.0 |  53.8 | 3009.7
               +-------+-------+-------+-------+-------+----------------------
